TOP OF THE 1ST |
Pocatello Boccabellas batting - Pitching for Houston Marshals : LHP Carlos Tavárez
|
Pitching: LHP Carlos Tavárez
|
|
Batting: RHB Tomás Carranza
|
0-0: Swinging Strike 0-1: Ball 1-1: Foul Ball, location: 2F 1-2: Strikes out swinging
|
Batting: RHB José Delgado
|
0-0: SINGLE (Line Drive, 8LS)
|
Batting: RHB Marlon Phipps
|
0-0: Ball 1-0: Ball 2-0: Foul Ball, location: 2F 2-1: Swinging Strike 2-2: Ball 3-2: Strikes out swinging José Delgado is caught stealing 2nd base Batter strikes out.
|
Top of the 1st over - 0 run(s), 1 hit(s), 0 error(s), 0 left on base; Pocatello 0 - Houston 0 |
BOTTOM OF THE 1ST |
Houston Marshals batting - Pitching for Pocatello Boccabellas : LHP Osvaldo Cruz
|
Pitching: LHP Osvaldo Cruz
|
|
Batting: LHB John Peterson
|
0-0: SINGLE (Line Drive, 89S)
|
Batting: SHB Ramón Lugo
|
0-0: Ball 1-0: Ball 2-0: Fly out, F7 (Flyball, 7)
|
Batting: LHB Lewis Barr
|
0-0: Called Strike 0-1: Foul Ball, location: 2F 0-2: Fly out, F7 (Flyball, 78S)
|
Batting: LHB José Rodríguez
|
0-0: Swinging Strike 0-1: Ball 1-1: Ball 2-1: Ball 3-1: Called Strike 3-2: Strikes out looking
|
Bottom of the 1st over - 0 run(s), 1 hit(s), 0 error(s), 1 left on base; Pocatello 0 - Houston 0 |
TOP OF THE 2ND |
Pocatello Boccabellas batting - Pitching for Houston Marshals : LHP Carlos Tavárez
|
Batting: LHB Juan Cortés
|
0-0: Called Strike 0-1: Ball 1-1: Ball 2-1: Called Strike 2-2: Ball 3-2: Foul Ball, location: 2F 3-2: Foul Ball, location: 2F 3-2: SOLO HOME RUN (Flyball, 8LXD), Distance : 426 ft
|
Batting: RHB Francisco Sandoval
|
0-0: Ball 1-0: Called Strike 1-1: Foul Ball, location: 2F 1-2: SINGLE (Groundball, 34D)
|
Batting: RHB Pedro Guzmán
|
0-0: Called Strike 0-1: SINGLE (Line Drive, 4D) Francisco Sandoval to second Runner from 2nd tries for 3rd, SAFE, throw made to third Pedro Guzmán to second
|
Batting: RHB Jeremy Carr
|
0-0: Ball 1-0: Called Strike 1-1: Ball 2-1: Ball 3-1: Fly out, F8 (Flyball, 89M)
|
Batting: LHB Jim Jensen
|
0-0: Ground out 4-3 (Groundball, 4) Francisco Sandoval scores Pedro Guzmán to third
|
Batting: SHB Nick Cox
|
0-0: Called Strike 0-1: Ball 1-1: Ball 2-1: Foul Ball, location: 2F 2-2: Strikes out swinging
|
Top of the 2nd over - 2 run(s), 3 hit(s), 0 error(s), 1 left on base; Pocatello 2 - Houston 0 |
BOTTOM OF THE 2ND |
Houston Marshals batting - Pitching for Pocatello Boccabellas : LHP Osvaldo Cruz
|
Batting: SHB Greg Welch
|
0-0: Foul Ball, location: 2F 0-1: Ground out 6-3 (Groundball, 6)
|
Batting: RHB David Murray
|
0-0: Ball 1-0: Swinging Strike 1-1: Foul Ball, location: 2F 1-2: Ball 2-2: Ball 3-2: Ground out 4-3 (Groundball, 4M)
|
Batting: LHB Matt Smith
|
0-0: Ball 1-0: Foul Ball, location: 2F 1-1: Swinging Strike 1-2: Strikes out looking
|
Bottom of the 2nd over - 0 run(s), 0 hit(s), 0 error(s), 0 left on base; Pocatello 2 - Houston 0 |
TOP OF THE 3RD |
Pocatello Boccabellas batting - Pitching for Houston Marshals : LHP Carlos Tavárez
|
Batting: RHB Tomás Carranza
|
0-0: Foul Ball, location: 2F 0-1: Foul Ball, location: 2F 0-2: SINGLE (Line Drive, 78S)
|
Batting: RHB José Delgado
|
0-0: Called Strike 0-1: Called Strike 0-2: Ball 1-2: Ball 2-2: Ball 3-2: Foul Ball, location: 2F 3-2: SINGLE (Groundball, 4MD) Tomás Carranza to second
|
Batting: RHB Marlon Phipps
|
0-0: Called Strike 0-1: Ball 1-1: Foul Ball, location: 2F 1-2: Reached on error, E5 (Groundball, 56) Tomás Carranza to third José Delgado to second
|
Batting: LHB Juan Cortés
|
0-0: DOUBLE (Line Drive, 78XD) Tomás Carranza scores José Delgado scores Marlon Phipps to third
|
Batting: RHB Francisco Sandoval
|
0-0: Ball 1-0: Ball 2-0: Fly out, F8 (Line Drive, 78XD) Runner from 3rd tags up, SCORES, no throw Juan Cortés to third
|
Batting: RHB Pedro Guzmán
|
0-0: Ball 1-0: Called Strike 1-1: Ball 2-1: Foul Ball, location: 2F 2-2: Fly out, F9 (Flyball, 9S)
|
Batting: RHB Jeremy Carr
|
0-0: Ball 1-0: Called Strike 1-1: Foul Ball, location: 2F 1-2: Strikes out looking
|
Top of the 3rd over - 3 run(s), 3 hit(s), 1 error(s), 1 left on base; Pocatello 5 - Houston 0 |
BOTTOM OF THE 3RD |
Houston Marshals batting - Pitching for Pocatello Boccabellas : LHP Osvaldo Cruz
|
Batting: RHB Gregg Nelson
|
0-0: Ball 1-0: Ball 2-0: Foul Ball, location: 2F 2-1: Called Strike 2-2: Foul Ball, location: 2F 2-2: Ground out 4-3 (Groundball, 4M)
|
Batting: LHB Kent MacDulothe
|
0-0: Ball 1-0: Foul Ball, location: 2F 1-1: Foul Ball, location: 2F 1-2: Ball 2-2: Ball 3-2: Ground out 4-3 (Groundball, 34)
|
Batting: LHB John Peterson
|
0-0: Called Strike 0-1: Fly out, F9 (Flyball, 89D)
|
Bottom of the 3rd over - 0 run(s), 0 hit(s), 0 error(s), 0 left on base; Pocatello 5 - Houston 0 |
TOP OF THE 4TH |
Pocatello Boccabellas batting - Pitching for Houston Marshals : LHP Carlos Tavárez
|
Batting: LHB Jim Jensen
|
0-0: Ball 1-0: Called Strike 1-1: Foul Ball, location: 2F 1-2: Ground out 3-1 (Groundball, 23)
|
Batting: SHB Nick Cox
|
0-0: Ball 1-0: Ball 2-0: Called Strike 2-1: Foul Ball, location: 2F 2-2: Foul Ball, location: 2F 2-2: Foul Ball, location: 2F 2-2: Strikes out swinging
|
Batting: RHB Tomás Carranza
|
0-0: Called Strike 0-1: Ball 1-1: Ball 2-1: Swinging Strike 2-2: SINGLE (Line Drive, 78S)
|
Batting: RHB José Delgado
|
0-0: SINGLE (Flyball, 89S) Tomás Carranza to second Runner from 2nd tries for 3rd, SAFE, no throw
|
Batting: RHB Marlon Phipps
|
0-0: Called Strike 0-1: Ball 1-1: Swinging Strike 1-2: Strikes out swinging
|
Top of the 4th over - 0 run(s), 2 hit(s), 0 error(s), 2 left on base; Pocatello 5 - Houston 0 |
BOTTOM OF THE 4TH |
Houston Marshals batting - Pitching for Pocatello Boccabellas : LHP Osvaldo Cruz
|
Batting: SHB Ramón Lugo
|
0-0: Called Strike 0-1: Ball 1-1: Ball 2-1: Foul Ball, location: 2F 2-2: Foul Ball, location: 2F 2-2: Ground out 1-3 (Groundball, 15S)
|
Batting: LHB Lewis Barr
|
0-0: Fly out, F6 (Line Drive, 6M)
|
Batting: LHB José Rodríguez
|
0-0: SINGLE (Groundball, 56D)
|
Batting: SHB Greg Welch
|
0-0: Called Strike 0-1: Foul Ball, location: 2F 0-2: Ball 1-2: Strikes out looking
|
Bottom of the 4th over - 0 run(s), 1 hit(s), 0 error(s), 1 left on base; Pocatello 5 - Houston 0 |
TOP OF THE 5TH |
Pocatello Boccabellas batting - Pitching for Houston Marshals : LHP Carlos Tavárez
|
Batting: LHB Juan Cortés
|
0-0: Foul Ball, location: 2F 0-1: Ball 1-1: Called Strike 1-2: Ground out 4-3 (Groundball, 4M)
|
Batting: RHB Francisco Sandoval
|
0-0: Ball 1-0: Ball 2-0: Called Strike 2-1: SINGLE (Groundball, 4MD)
|
Batting: RHB Pedro Guzmán
|
0-0: Ground out 5-3 (Groundball, 5S) Francisco Sandoval to second
|
Batting: RHB Jeremy Carr
|
0-0: Foul Ball, location: 2F 0-1: Swinging Strike 0-2: SINGLE (Line Drive, 6D) Francisco Sandoval to third Runner from 3rd tries for Home, SAFE, no throw
|
Batting: LHB Jim Jensen
|
0-0: Ball 1-0: Ball 2-0: Swinging Strike 2-1: Foul Ball, location: 2F 2-2: Ball Jeremy Carr is caught stealing 2nd base
|
Top of the 5th over - 1 run(s), 2 hit(s), 0 error(s), 0 left on base; Pocatello 6 - Houston 0 |
BOTTOM OF THE 5TH |
Houston Marshals batting - Pitching for Pocatello Boccabellas : LHP Osvaldo Cruz
|
Batting: RHB David Murray
|
0-0: Called Strike 0-1: Foul Ball, location: 2F 0-2: Ball 1-2: Foul Ball, location: 2F 1-2: Strikes out looking
|
Batting: LHB Matt Smith
|
0-0: Ball 1-0: DOUBLE (Line Drive, 78D)
|
Batting: RHB Gregg Nelson
|
0-0: Ball 1-0: Ball 2-0: Ball 3-0: Called Strike 3-1: Foul Ball, location: 2F 3-2: Fly out, F3 (Popup, 34)
|
Batting: LHB Kent MacDulothe
|
0-0: Called Strike 0-1: Ground out U3 (Groundball, 34)
|
Bottom of the 5th over - 0 run(s), 1 hit(s), 0 error(s), 1 left on base; Pocatello 6 - Houston 0 |
TOP OF THE 6TH |
Pocatello Boccabellas batting - Pitching for Houston Marshals : LHP Carlos Tavárez
|
Pitching: RHP Vinícius Itaquy
|
|
Batting: LHB Jim Jensen
|
0-0: Called Strike 0-1: Ball 1-1: Ground out U3 (Groundball, 3)
|
Batting: SHB Nick Cox
|
0-0: Called Strike 0-1: Swinging Strike 0-2: Ball 1-2: Foul Ball, location: 2F 1-2: Strikes out looking
|
Batting: RHB Tomás Carranza
|
0-0: Ground out U3 (Groundball, 3L)
|
Top of the 6th over - 0 run(s), 0 hit(s), 0 error(s), 0 left on base; Pocatello 6 - Houston 0 |
BOTTOM OF THE 6TH |
Houston Marshals batting - Pitching for Pocatello Boccabellas : LHP Osvaldo Cruz
|
Batting: LHB John Peterson
|
0-0: Foul Ball, location: 2F 0-1: Called Strike 0-2: Foul Ball, location: 2F 0-2: Ball 1-2: Ball 2-2: Foul Ball, location: 2F 2-2: Ball 3-2: Ground out 4-3 (Groundball, 4)
|
Batting: SHB Ramón Lugo
|
0-0: Ball 1-0: Ball 2-0: Called Strike 2-1: Ground out 5-3 (Groundball, 5L)
|
Batting: LHB Lewis Barr
|
0-0: Foul Ball, location: 2F 0-1: DOUBLE (Line Drive, 9D)
|
Batting: LHB José Rodríguez
|
0-0: Called Strike 0-1: Ball 1-1: Foul Ball, location: 2F 1-2: Strikes out swinging
|
Bottom of the 6th over - 0 run(s), 1 hit(s), 0 error(s), 1 left on base; Pocatello 6 - Houston 0 |
TOP OF THE 7TH |
Pocatello Boccabellas batting - Pitching for Houston Marshals : RHP Vinícius Itaquy
|
Batting: RHB José Delgado
|
0-0: Called Strike 0-1: Called Strike 0-2: SINGLE (Groundball, 56D)
|
Batting: RHB Marlon Phipps
|
0-0: Ball 1-0: Foul Ball, location: 2F 1-1: Foul Ball, location: 2F 1-2: Foul Ball, location: 2F 1-2: Foul Ball, location: 2F 1-2: Ball 2-2: Strikes out swinging
|
Batting: LHB Juan Cortés
|
0-0: Called Strike 0-1: Foul Ball, location: 2F 0-2: Strikes out swinging
|
Batting: RHB Francisco Sandoval
|
0-0: Called Strike 0-1: Foul Ball, location: 2F 0-2: Strikes out looking
|
Top of the 7th over - 0 run(s), 1 hit(s), 0 error(s), 1 left on base; Pocatello 6 - Houston 0 |
BOTTOM OF THE 7TH |
Houston Marshals batting - Pitching for Pocatello Boccabellas : LHP Osvaldo Cruz
|
Batting: SHB Greg Welch
|
0-0: Ball 1-0: SINGLE (Groundball, 6MD)
|
Batting: RHB David Murray
|
0-0: Called Strike 0-1: Grounds into double play, 5-4-3 (Groundball, 56)
|
Batting: LHB Matt Smith
|
0-0: Foul Ball, location: 2F 0-1: Swinging Strike 0-2: Ball 1-2: Ball 2-2: Ground out 3-1 (Groundball, 34)
|
Bottom of the 7th over - 0 run(s), 1 hit(s), 0 error(s), 0 left on base; Pocatello 6 - Houston 0 |
TOP OF THE 8TH |
Pocatello Boccabellas batting - Pitching for Houston Marshals : RHP Vinícius Itaquy
|
Batting: RHB Pedro Guzmán
|
0-0: Called Strike 0-1: Called Strike 0-2: Strikes out swinging
|
Batting: RHB Jeremy Carr
|
0-0: Called Strike 0-1: Called Strike 0-2: Ball 1-2: Foul Ball, location: 2F 1-2: Ball 2-2: Ball 3-2: Ground out 5-3 (Groundball, 5L)
|
Batting: LHB Jim Jensen
|
0-0: Swinging Strike 0-1: Swinging Strike 0-2: Fly out, F4 (Popup, 4D)
|
Top of the 8th over - 0 run(s), 0 hit(s), 0 error(s), 0 left on base; Pocatello 6 - Houston 0 |
BOTTOM OF THE 8TH |
Houston Marshals batting - Pitching for Pocatello Boccabellas : LHP Osvaldo Cruz
|
Now at 1B: Chris Parker
|
|
Batting: RHB Gregg Nelson
|
0-0: Called Strike 0-1: Ball 1-1: Foul Ball, location: 2F 1-2: Ground out 6-3 (Groundball, 6)
|
Batting: LHB Kent MacDulothe
|
0-0: Fly out, F9 (Line Drive, 9)
|
Batting: LHB John Peterson
|
0-0: Ball 1-0: Swinging Strike 1-1: Ball 2-1: Foul Ball, location: 2F 2-2: Fly out, F9 (Flyball, 9LS)
|
Bottom of the 8th over - 0 run(s), 0 hit(s), 0 error(s), 0 left on base; Pocatello 6 - Houston 0 |
TOP OF THE 9TH |
Pocatello Boccabellas batting - Pitching for Houston Marshals : RHP Vinícius Itaquy
|
Batting: SHB Nick Cox
|
0-0: Ball 1-0: Ground out 5-3 (Groundball, 5L)
|
Batting: RHB Tomás Carranza
|
0-0: Foul Ball, location: 2F 0-1: Ground out 4-3 (Groundball, 4)
|
Batting: RHB José Delgado
|
0-0: Called Strike 0-1: Ball 1-1: Ball 2-1: Ground out U3 (Groundball, 34)
|
Top of the 9th over - 0 run(s), 0 hit(s), 0 error(s), 0 left on base; Pocatello 6 - Houston 0 |
BOTTOM OF THE 9TH |
Houston Marshals batting - Pitching for Pocatello Boccabellas : LHP Osvaldo Cruz
|
Batting: SHB Ramón Lugo
|
0-0: Ball 1-0: Called Strike 1-1: Called Strike 1-2: Ball 2-2: Ball 3-2: Foul Ball, location: 2F 3-2: Foul Ball, location: 2F 3-2: Strikes out swinging
|
Batting: LHB Lewis Barr
|
0-0: Swinging Strike 0-1: Ball 1-1: Foul Ball, location: 2F 1-2: Ball 2-2: Ground out 4-3 (Groundball, 34D)
|
Batting: LHB José Rodríguez
|
0-0: Fly out, F8 (Flyball, 8LM)
|
Bottom of the 9th over - 0 run(s), 0 hit(s), 0 error(s), 0 left on base; Pocatello 6 - Houston 0 |
|